 Dungeon Crawl Stone Soup version 0.30.1-5-ged363bc7ee (webtiles) character file.

Game seed: 11505245146094627641

102 Kurtz the Chopper (level 4, 0/28 HPs)
             Began as a Tengu Fighter on Sept 19, 2023.
             Killed by divine providence
             ... invoked by an orc priest
              (14 damage)
             ... on level 5 of the Dungeon.
             The game lasted 00:01:14 (1635 turns).

Kurtz the Chopper (Tengu Fighter)                   Turns: 1635, Time: 00:01:15

Health: 0/28       AC:  6    Str: 18    XL:     4   Next: 77%
Magic:  5/5        EV:  9    Int:  8    God:
Gold:   113        SH:  5    Dex: 14    Spells: 3/3 levels left

rFire   . . .        a - +0 war axe
rCold   . . .        c - +0 buckler
rNeg    . . .        b - +0 scale mail
rPois   .            (helmet restricted)
rElec   .            (no cloak)
rCorr   .            (no gloves)
SInv    .            (boots unavailable)
Will    .....        (no amulet) Stlth
                     (no ring)
HPRegen 0.24/turn    (no ring)
MPRegen 0.09/turn

%: no passive effects
@: no status effects
A: beak, talons 3
a: no special abilities


You were on level 5 of the Dungeon.
You visited 1 branch of the dungeon, and saw 5 of its levels.

You collected 113 gold pieces.

Inventory:

Hand Weapons
 a - a +0 war axe (weapon)
Armour
 b - a +0 scale mail (worn)
 c - a +0 buckler (worn)
Wands
 n - a wand of roots (12)
Scrolls
 e - a scroll of vulnerability {unknown}
 f - 2 scrolls of teleportation {unknown}
 g - 2 scrolls of identify {unknown}
 h - a scroll of fear {unknown}
 j - a scroll of butterflies {unknown}
 l - a scroll of poison {unknown}
 p - a scroll of brand weapon {unknown}
Potions
 d - a potion of might
 i - 2 potions of cancellation {unknown}
 k - a potion of attraction {unknown}
 m - a potion of curing {unknown}
 o - a potion of mutation {unknown}


   Skills:
 - Level 3.0 Fighting
 * Level 5.3 Axes
 - Level 3.2 Armour
 - Level 3.0 Shields


You had 3 spell levels left.
You didn't know any spells.
Your spell library contained the following spells:

 Spells                   Type           Power      Damage    Failure   Level
 Blink                    Tloc           0%         N/A       95%         2
 Lesser Beckoning         Tloc           0%         N/A       95%         2
 Momentum Strike          Conj/Tloc      0%         3d8       95%         2


Dungeon Overview and Level Annotations

Branches:
Dungeon (5/15)
 Temple: D:4-7

Altars:

Annotations:
D:3 Ijyb, Sigmund


Innate Abilities, Weirdness & Mutations

You have a beak for a mouth.
You have claws for feet.


Message History

You start resting.
HP restored.
You climb downwards.
There is a stone staircase leading up here.
Found a stone staircase leading down.
There is a stone staircase leading down here.
An orc comes into view. It is wielding a +0 short sword.
The orc shouts!
An orc comes into view. It is wielding a +0 hand axe.
There are monsters nearby!
The orc shouts!
You hear a shout!
An orc comes into view. It is wielding a +0 hand axe.
An orc priest comes into view. It is wielding a +0 dagger.
The orc priest shouts!
The orc hits you with a +0 short sword.
Unknown command.
You barely miss the orc. You peck the orc, but do no damage.
You hit the orc but do no damage. The orc hits you with a +0 short sword.
The orc priest looks braver for a moment.
The orc hits you with a +0 hand axe.
You slash the orc!
You kill the orc!
You closely miss the orc. You block the orc's attack.
An orc wizard comes into view. It is wielding a +0 dagger.
Unknown command.
The orc wizard shouts!
You hit the orc. You peck the orc.
You kill the orc!
You slash the orc!
You kill the orc!
The orc priest calls down the wrath of Beogh upon you.
Beogh smites you!
You are too injured to fight recklessly!
Unknown command.
The orc wizard gestures at you while chanting.
You resist with some effort.
The orc priest calls down the wrath of Beogh upon you.
Beogh smites you!
Ouch! That really hurt!
You die...

#.........# #...# #.#
#.######.## #.#.# #.# #.# #.#
#.#.# #.# #.# #.# #.#.# #.#
#.# #.####.#.# #.# #####.#
#......#.# #.# #.....#
########.# #####.#
#.########### #.#
#....)###o.....@....#######.##
#....)..o.......###.##.......#
.#....##########.# #.#######
......# #.# #.# .#....# #.#
#.# #....# #.# #.# #....# #.#
#.# #.?..# #.# #.# #....#
#.#######


You could see an orc priest and an orc wizard.

Vanquished Creatures
  Robin (D:2)
  2 adders
  4 worms
  3 orcs (D:5)
  5 bats
  2 endoplasms
  A giant cockroach (D:1)
  10 goblins
  5 hobgoblins
  8 jackals (D:2)
  4 kobolds
  A quokka (D:2)
  6 frilled lizards
  2 rats (D:1)
54 creatures vanquished.

Notes
Turn   | Place    | Note
-------+----------+-------------------------------------------
     0 | D:1      | Kurtz the Tengu Fighter began the quest for the Orb.
     0 | D:1      | Reached XP level 1. HP: 14/14 MP: 2/2
   135 | D:1      | Reached skill level 3 in Axes
   135 | D:1      | Reached XP level 2. HP: 19/19 MP: 3/3
   573 | D:2      | Reached XP level 3. HP: 23/23 MP: 4/4
   591 | D:2      | Reached skill level 4 in Axes
  1136 | D:2      | Noticed Robin
  1140 | D:2      | Reached XP level 4. HP: 28/28 MP: 5/5
  1151 | D:2      | Killed Robin
  1152 | D:2      | Reached skill level 5 in Axes
  1346 | D:3      | Noticed Ijyb
  1346 | D:3      | Noticed Sigmund
  1506 | D:5      | Entered Level 5 of the Dungeon
  1635 | D:5      | Killed from afar by an orc priest

Illustrated notes

Levels and vault maps discovered:
D:1:      minmay_arrival_doors, layout_rooms, serial_curves, eino_curves_02,
          eino_curves_02
D:2:      layout_loops_corners, uniq_robin
D:3:      layout_rooms, kiku_gazebo_pond_becter, gammafunk_ghost_icy,
          minmay_fractal_squares_diagonal_5, uniq_crazy_yiuf_cottage, uniq_ijyb,
          uniq_sigmund
D:4:      layout_loops_ring, uniq_blork_the_orc
D:5:      layout_basic, mainiacjoe_overflow_alcove_2

Skill      XL: |  1  2  3  4 |
---------------+-------------+-----
Axes           | 3 4 5 |  5.3
Fighting       | |  3.0
Armour         | |  3.2
Shields        | |  3.0

Action                     |  1- 3 |  4- 6 || total
---------------------------+-------+-------++-------
  Melee: War axe           |    66 |    34 ||   100
         Kick              |    18 |     4 ||    22
         Peck              |     7 |     6 ||    13
 Armour: Scale mail        |    45 |    19 ||    64
  Dodge: Dodged            |    25 |     8 ||    33
  Block: Buckler           |    15 |     6 ||    21
